 Dungeon Crawl Stone Soup version 0.29.1-1-gd02db6906a (webtiles) character file.

Game seed: 11652971577425278896

120 juncz the Chiller (level 5, -2/37 HPs)
             Began as a Gnoll Ice Elementalist on Sept 27, 2022.
             Slain by a bullfrog skeleton (4 damage)
             ... on level 3 of the Dungeon.
             The game lasted 00:06:10 (2687 turns).

juncz the Chiller (Gnoll Ice Elementalist)          Turns: 2687, Time: 00:06:11

Health: -2/37      AC:  2    Str:  7    XL:     5   Next: 4%
Magic:  9/12       EV: 11    Int: 21    God:
Gold:   196        SH:  7    Dex: 13    Spells: 7/14 levels left

rFire   . . .      SeeInvis +   s - +4 dagger "Morg" {pain, Will+ Int+5}
rCold   . . .      Faith    .   k - +0 kite shield
rNeg    . . .      Spirit   .   a - +0 robe
rPois   .          Reflect  .   (no helmet)
rElec   .          Harm     .   (no cloak)
rCorr   .          Rampage  .   (no gloves)
Will    +....                   (no boots)
Stlth   +++.......              (no amulet)
HPRegen 0.12/turn               d - ring of flight
MPRegen 0.13/turn               o - ring of see invisible

@: freezing walls, flying
A: fangs 1, strong nose, distributed training
a: no special abilities


You were on level 3 of the Dungeon.
You visited 1 branch of the dungeon, and saw 3 of its levels.

You collected 196 gold pieces.

Inventory:

Hand Weapons
 c - a +0 short sword
 s - the +4 dagger "Morg" (weapon) {pain, Will+ Int+5}
   (You found it on level 3 of the Dungeon)

   In the hands of one skilled in necromantic magic, it inflicts extra damage on
   living creatures.
   Int:       It affects your intelligence (+5).
   Will:      It increases your willpower.
Armour
 a - a +0 robe (worn)
 k - a +0 kite shield (worn)
Jewellery
 d - a ring of flight (left hand)
 o - a ring of see invisible (right hand)
Scrolls
 g - a scroll of butterflies {unknown}
 j - 4 scrolls of identify {unknown}
 l - a scroll of noise {unknown}
 q - a scroll of magic mapping {unknown}
 r - a scroll of blinking {unknown}
Potions
 b - 2 potions of magic
 e - a potion of might {unknown}
 f - 4 potions of mutation {unknown}
 h - a potion of flight {unknown}
 i - 3 potions of curing {unknown}
 m - a potion of heal wounds {unknown}
 n - a potion of brilliance {unknown}
 p - a potion of ambrosia {unknown}


   Skills:
 + Level 1.4 Fighting
 + Level 1.4 Short Blades
 + Level 1.4 Long Blades
 + Level 1.4 Axes
 + Level 1.4 Maces & Flails
 + Level 1.4 Polearms
 + Level 1.4 Staves
 + Level 1.4 Ranged Weapons
 + Level 1.4 Throwing
 + Level 1.4 Armour
 + Level 4.7 Dodging
 + Level 4.3 Stealth
 + Level 1.4 Shields
 + Level 1.4 Unarmed Combat
 + Level 5.1 Spellcasting
 + Level 1.1 Conjurations
 + Level 1.1 Hexes
 + Level 1.1 Summonings
 + Level 1.1 Necromancy
 + Level 1.1 Translocations
 + Level 1.1 Transmutations
 + Level 1.1 Fire Magic
 + Level 7.2 Ice Magic
 + Level 1.1 Air Magic
 + Level 1.1 Earth Magic
 + Level 1.1 Poison Magic
 + Level 1.5 Invocations
 + Level 1.4 Evocations


You had 7 spell levels left.
You knew the following spells:

 Your Spells              Type           Power      Damage    Failure   Level
a - Freeze                Ice            100%       1d11      1%          1
b - Frozen Ramparts       Ice            70%        1d11      5%          3
c - Ozocubu's Armour      Ice            35%        N/A       5%          3

Your spell library contained the following spells:

 Spells                   Type           Power      Damage    Failure   Level
 Apportation              Tloc           20%        N/A       22%         1
 Necrotise                Necr           40%        1d6       22%         1
 Slow                     Hex            40%        N/A       22%         1
 Summon Small Mammal      Summ           40%        N/A       22%         1
 Confusing Touch          Hex            10%        N/A       54%         3
 Gell's Gravitas          Tloc           10%        N/A       54%         3
 Lesser Beckoning         Tloc           10%        N/A       54%         3
 Teleport Other           Tloc           10%        N/A       54%         3
 Vampiric Draining        Necr           10%        2d6       54%         3
 Hailstorm                Conj/Ice       22%        3d7       54%         4
 Yara's Violent Unravell  Hex/Tmut       5%         3d4       99%         5
 Enfeeble                 Hex            5%         N/A       100%        7


Dungeon Overview and Level Annotations

Branches:
Dungeon (3/15)

Altars:

Annotations:
D:3 1 transporter, miserystealer's ghost, amateur FoAK


Innate Abilities, Weirdness & Mutations

You have very sharp teeth.
Your uncanny sense of smell can sniff out nearby items.
Your experience applies equally to all skills.


Message History

The wyvern skeleton is lightly damaged.
The wyvern skeleton resists.
The wall freezes the wyvern skeleton.
The wyvern skeleton bites you!
You block the water moccasin zombie's attack.
The bullfrog skeleton resists.
The wall freezes the bullfrog skeleton.
The bullfrog skeleton barely misses you.
The wyvern skeleton completely resists.
The wall freezes the wyvern skeleton but does no damage.
You block the wyvern skeleton's attack.
The howler monkey zombie completely resists.
The wall freezes the howler monkey zombie but does no damage.
The bullfrog skeleton resists.
The wall freezes the bullfrog skeleton.
You block the bullfrog skeleton's attack.
You hit miserystealer's ghost.
You bite miserystealer's ghost, but do no damage.
Miserystealer's ghost is lightly damaged.
The wyvern skeleton resists.
The wall freezes the wyvern skeleton.
The wyvern skeleton closely misses you.
The bullfrog skeleton resists.
The wall freezes the bullfrog skeleton.
The bullfrog skeleton hits you.
The howler monkey zombie resists.
The wall freezes the howler monkey zombie.
You completely miss miserystealer's ghost.
Miserystealer's ghost is lightly damaged.
The wall freezes the wyvern skeleton but does no damage.
You block the wyvern skeleton's attack.
The bullfrog skeleton resists.
The wall freezes the bullfrog skeleton.
The bullfrog skeleton hits you but does no damage.
Miserystealer's ghost hits you.
The howler monkey zombie resists.
The wall freezes the howler monkey zombie.
The wyvern skeleton completely resists.
The wall freezes the wyvern skeleton but does no damage.
The wyvern skeleton bites you!
* * * LOW HITPOINT WARNING * * *
You hit miserystealer's ghost.
You bite miserystealer's ghost, but do no damage.
Miserystealer's ghost is lightly damaged.
The bullfrog skeleton completely resists.
The wall freezes the bullfrog skeleton but does no damage.
The bullfrog skeleton hits you.
You die...

#.................#
#.................#
#..#############..#
#..#©..........#..# #
##).#........Z..#..# #
##...#..###.###..#..###
##....#..#8#(#8#..#.....
##.....#ZZ...(....)#...##
####.....©#@WZ..©.....#§..##
#......<..#.Z.........#..###
#.##.#....#..#8#.#8#..#..#
#.##.##.).#..###.###[.#..#
#.##......#...........#..#
#.##.##...#...........#..#
#.##.##...#############..###
#..........................#
####.###.................#.#


You could see miserystealer's ghost, a water moccasin zombie, a howler monkey
zombie, a bullfrog skeleton and a wyvern skeleton.

Vanquished Creatures
  Jessica (D:2)
  Robin (D:2)
  2 worms (D:3)
  4 dart slugs
  2 bats
  7 endoplasms
  A giant cockroach (D:2)
  10 goblins
  9 hobgoblins
  4 jackals (D:3)
  A quokka (D:2)
  7 ball pythons
  2 frilled lizards
  6 kobolds
  6 rats
63 creatures vanquished.

Notes
Turn   | Place    | Note
-------+----------+-------------------------------------------
     0 | D:1      | juncz the Gnoll Ice Elementalist began the quest for the
                  | Orb.
     0 | D:1      | Reached XP level 1. HP: 13/13 MP: 6/6
    62 | D:1      | Reached XP level 2. HP: 10/19 MP: 4/7
   555 | D:1      | Reached skill level 5 in Spellcasting
   555 | D:1      | Reached XP level 3. HP: 18/25 MP: 2/9
   559 | D:1      | Learned a level 3 spell: Frozen Ramparts
   563 | D:1      | Learned a level 3 spell: Ozocubu's Armour
   965 | D:1      | Found a faded altar of an unknown god.
  1018 | D:2      | Noticed Robin
  1022 | D:2      | Reached skill level 1 in Invocations
  1028 | D:2      | Killed Robin
  1029 | D:2      | Reached skill level 1 in Fighting
  1029 | D:2      | Reached skill level 1 in Short Blades
  1029 | D:2      | Reached skill level 1 in Long Blades
  1029 | D:2      | Reached skill level 1 in Axes
  1029 | D:2      | Reached skill level 1 in Maces & Flails
  1029 | D:2      | Reached skill level 1 in Polearms
  1029 | D:2      | Reached skill level 1 in Staves
  1029 | D:2      | Reached skill level 1 in Ranged Weapons
  1029 | D:2      | Reached skill level 1 in Throwing
  1029 | D:2      | Reached skill level 1 in Armour
  1029 | D:2      | Reached skill level 1 in Shields
  1029 | D:2      | Reached skill level 1 in Unarmed Combat
  1029 | D:2      | Reached skill level 1 in Evocations
  1176 | D:2      | Noticed Jessica
  1179 | D:2      | Reached XP level 4. HP: 32/32 MP: 8/11
  1186 | D:2      | Killed Jessica
  1187 | D:2      | Reached skill level 1 in Conjurations
  1187 | D:2      | Reached skill level 1 in Hexes
  1187 | D:2      | Reached skill level 1 in Summonings
  1187 | D:2      | Reached skill level 1 in Necromancy
  1187 | D:2      | Reached skill level 1 in Translocations
  1187 | D:2      | Reached skill level 1 in Transmutations
  1187 | D:2      | Reached skill level 1 in Fire Magic
  1187 | D:2      | Reached skill level 1 in Air Magic
  1187 | D:2      | Reached skill level 1 in Earth Magic
  1187 | D:2      | Reached skill level 1 in Poison Magic
  2178 | D:3      | Found a transporter.
  2223 | D:3      | Found the +4 dagger "Morg" {pain, Will+ Int+5}
  2227 | D:3      | Reached XP level 5. HP: 37/37 MP: 10/12
  2242 | D:3      | Found a transporter.
  2669 | D:3      | Noticed miserystealer's ghost (amateur FoAK)
  2687 | D:3      | Slain by a bullfrog skeleton

Illustrated notes

Levels and vault maps discovered:
D:1:      scummos_arrival_checkerplants, layout_rooms,
          shapermc_ecumenical_altar_mp_urbaneastern
D:2:      layout_basic, serial_glass, glass_columns_c, glass_columns_a,
          glass_columns_b, glass_columns_b, glass_columns_b, glass_columns_a,
          due_unseen_surprise, minmay_strange_pillars, item_on_display_a,
          uniq_robin, uniq_jessica
D:3:      layout_loops_cross, gammafunk_ghost_mausoleum, st_stairs_2

Skill      XL: |  1  2  3  4 |
---------------+-------------+-----
Spellcasting   | 5 |  5.1
Invocations    | 1 |  1.5
Fighting       | 1 |  1.4
Short Blades   | 1 |  1.4
Long Blades    | 1 |  1.4
Axes           | 1 |  1.4
Maces & Flails | 1 |  1.4
Polearms       | 1 |  1.4
Staves         | 1 |  1.4
Ranged Weapons | 1 |  1.4
Throwing       | 1 |  1.4
Armour         | 1 |  1.4
Shields        | 1 |  1.4
Unarmed Combat | 1 |  1.4
Evocations     | 1 |  1.4
Conjurations   | 1 |  1.1
Hexes          | 1 |  1.1
Summonings     | 1 |  1.1
Necromancy     | 1 |  1.1
Translocations | 1 |  1.1
Transmutations | 1 |  1.1
Fire Magic     | 1 |  1.1
Air Magic      | 1 |  1.1
Earth Magic    | 1 |  1.1
Poison Magic   | 1 |  1.1
Dodging        | |  4.7
Stealth        | |  4.3
Ice Magic      | |  7.2

Action                   |  1- 3 |  4- 6 || total
-------------------------+-------+-------++-------
Melee: Short sword       |    21 |    11 ||    32
       Bite              |     3 |     4 ||     7
       Dagger            |       |     4 ||     4
 Cast: Freeze            |    42 |    29 ||    71
       Frozen Ramparts   |     1 |     3 ||     4
 Stab: Sleeping          |       |     1 ||     1
Armor: Robe              |     7 |     8 ||    15
Dodge: Dodged            |    27 |    21 ||    48
Block: Kite shield       |     4 |    19 ||    23
